 Dungeon Crawl Stone Soup version 0.29.1-13-g9f3cf754e1 (webtiles) character file.

Game seed: 14246398502909740324

4326 Descartes the Trooper (level 10, 0/118 HPs)
             Began as a Demonspawn Monk on Jan 21, 2023.
             Slain by an orc warrior
             ... wielding a +0 short sword
              (3 damage)
             ... on level 8 of the Dungeon.
             The game lasted 00:21:26 (11712 turns).

Descartes the Trooper (Demonspawn Monk)            Turns: 11712, Time: 00:21:28

Health: 0/118      AC: 25    Str: 16    XL:     10   Next: 11%
Magic:  10/10      EV:  2    Int: 11    God:
Gold:   327        SH:  4    Dex: 16    Spells: 9/9 levels left

rFire   . . .      SeeInvis .   a - +0 mace
rCold   . . .      Faith    .   (no shield)
rNeg    . . .      Spirit   .   (body armour currently unavailable)
rPois   +          Reflect  .   (helmet currently unavailable)
rElec   .          Harm     .   (cloak currently unavailable)
rCorr   .          Rampage  .   (gloves currently unavailable)
Will    .....      NoTele   +   (boots currently unavailable)
Stlth   ++........              A - amulet of the acrobat
HPRegen 0.29/turn               d - ring of poison resistance
MPRegen 0.12/turn               c - +4 ring of slaying

@: tree-form
A: stationary, stasis, torment immunity, boosted hp, (molten scales 1), demonic
guardian 2, condensation shield, (weakness stinger 2)
a: no special abilities


You were on level 8 of the Dungeon.
You were a tree.
You visited 2 branches of the dungeon, and saw 9 of its levels.

You collected 327 gold pieces.

Inventory:

Hand Weapons
 a - a +0 mace (weapon)
 y - a +1 vorpal sling
Missiles
 p - 7 javelins (quivered)
 L - a curare-tipped dart
Armour
 b - a +0 robe
 t - a +0 ring mail
 w - a +0 chain mail (melded)
 B - a +0 pair of boots (melded)
Jewellery
 c - a +4 ring of slaying (right branch)
 d - a ring of poison resistance (left branch)
 q - a ring of willpower
 A - an amulet of the acrobat (around neck)
 M - a ring of protection from cold
Wands
 h - a wand of paralysis (7)
Scrolls
 f - 2 scrolls of fear
 g - a scroll of immolation {unknown}
 i - 3 scrolls of blinking
 j - 2 scrolls of poison
 l - 4 scrolls of enchant armour
 n - a scroll of enchant weapon {unknown}
 r - 2 scrolls of butterflies
 v - 3 scrolls of teleportation
 x - a scroll of amnesia
 G - a scroll of acquirement {unknown}
 I - 2 scrolls of vulnerability
 K - a scroll of noise {unknown}
Potions
 e - 3 potions of attraction {unknown}
 k - 3 potions of resistance {unknown}
 o - 3 potions of haste {unknown}
 s - 2 potions of brilliance {unknown}
 u - a potion of lignification
 z - 2 potions of berserk rage {unknown}
 C - a potion of degeneration {unknown}
 D - a potion of magic {unknown}
 E - 2 potions of invisibility {unknown}
 F - 3 potions of curing {unknown}
 H - 2 potions of mutation {unknown}


   Skills:
 + Level 7.4 Fighting
 + Level 6.6 Maces & Flails
 + Level 5.9 Armour
 + Level 6.6 Dodging
 - Level 1.7 Stealth
 + Level 6.1 Evocations


You had 9 spell levels left.
You didn't know any spells.
Your spell library was empty.

Dungeon Overview and Level Annotations

Branches:
Dungeon (8/15)             Temple (1/1) D:6
   Lair: D:8-11

Altars:
Ashenzari
Cheibriados
Dithmenos
Fedhas
Gozag
Makhleb
Nemelex Xobeh
Okawaru
Qazlal
Ru
Sif Muna
Trog
Vehumet
Wu Jian
Xom

Shops:
D:2 (   D:6 [


Innate Abilities, Weirdness & Mutations

You are a tree.
Your roots penetrate the ground, keeping you stationary.
You cannot be teleported.
You are immune to unholy pain and torment.
Your maximum health is greatly increased.
Your equipment is partially melded.
((You are partially covered in molten scales. (AC +2)))
A demonic guardian rushes to your aid.
A meltable shield of frost defends you. (SH +4)
((You have a tail ending in a sharp stinger.))


Message History

The ice beast closely misses you.
Your smoke demon barely misses the ice beast. x2
Your smoke demon hits the ice beast.
Your smoke demon gestures at the ice beast.
The ice beast is smitten.
The ice beast attacks as you move away! The ice beast barely misses you.
Found 17 gold pieces.
Your smoke demon gestures at the ice beast.
The ice beast is smitten.
The ice beast dies!
Found a pair of boots.
A centaur and a kobold come into view.
The centaur shouts!
You hear a shout! x2
The centaur wields a +0 shortbow.
The centaur shoots an arrow.
The arrow hits you.
* * * LOW HITPOINT WARNING * * *
A demonic guardian appears!
A kobold comes into view. It is wielding a +0 dagger.
A goblin comes into view. It is wielding a +0 hand axe.
A kobold brigand comes into view.
It is wielding a +0 whip and quivering poisoned darts.
A goblin comes into view. It is wielding a +0 hand axe.
Really quaff the potion of lignification?
You turn into a tree.
Your +0 pair of boots melds into your body.
Your +0 chain mail melds into your body.
Your roots penetrate the ground.
The orc priest calls down the wrath of Beogh upon you.
Beogh smites you!
* * * LOW HITPOINT WARNING * * *
The centaur shoots an arrow.
The arrow barely misses you.
Your ice devil splashes around in the water.
Okay, then.
As you read the scroll of torment, it crumbles to dust.
You feel a surge of unholy energy.
The orc priest convulses!
The orc warrior convulses!
The orc convulses!
The orc wizard convulses!
The goblin convulses!
The kobold convulses!
The centaur convulses!
The kobold brigand convulses!
A kobold comes into view. It is wielding a +0 whip.
The orc warrior hits you with a +0 short sword.
You die...

*#####........^.,,* *,,**,,,,,,,,
,...............K.####..*,,,,,,,,
,........~~~~~~K.....[..,,,,,,,,,
*#######o~#####~Kc.....#******,*,
*#.##.##.o#,,.#~K......#******,*,
,........~#,∩,gg....$..#,,,,,,,*,
*#.##.#o.~#,,,#≈.......#+*******,
**###*#..o#####≈........,,,,,,,,,
,......#.~≈~~~~4♣#****,,,,,,,****
,.?.......o..3.o$# *,,,,,,,*
*######...o...#### *,,,,,,<*
######### *,,,,,,*****
*,,,,,,+,,,, *,,,,,,*****
*,,,,,,* *, *,,,,,,* *, *,,,,,,*
*,


You could see an orc warrior (ally target), a kobold brigand, a centaur, an orc
priest, an orc wizard, an orc, 2 goblins, 3 kobolds, a friendly ice devil
(summoned) and a friendly smoke demon (summoned).

Vanquished Creatures
  A vampire mosquito (D:5)
  A water moccasin (D:7)
  A sky beast (D:8)
  2 ice beasts
  A black bear (D:8)
  2 centaurs (D:6)
  An ogre (D:5)
  A lemure (D:6)
  A phantom (D:5)
  2 bullfrogs
  A kobold brigand (D:7)
  7 scorpions
  8 killer bees
  An electric eel (D:7)
  4 hounds
  A jelly (D:5)
  2 orc priests
  6 iguanas
  4 orc wizards
  3 gnolls (D:4)
  7 adders
  A shadow imp (D:6)
  2 white imps
  An ufetubus (D:7)
  8 dart slugs
  25 orcs
  7 endoplasms
  6 giant cockroaches
  12 goblins
  8 hobgoblins
  9 jackals
  4 kobolds
  6 quokkas
  7 ball pythons
  8 bats
  5 frilled lizards
  7 rats
  3 butterflies (D:5)
176 creatures vanquished.

Vanquished Creatures (collateral kills)
  Pikel (D:6)
  Joseph (D:7)
  3 ice beasts
  A black bear (D:7)
  3 ogres
  A phantom (D:5)
  A scorpion (D:3)
  A necrophage (D:6)
  A jelly (D:3)
  2 hounds
  Terence (D:3)
  A worm (D:3)
  An endoplasm (D:3)
  A giant cockroach (D:5)
  2 bats (D:3)
21 creatures vanquished.

Vanquished Creatures (others)
  A plant (D:6)
1 creature vanquished.

Grand Total: 198 creatures vanquished

Notes
Turn   | Place    | Note
-------+----------+-------------------------------------------
     0 | D:1      | Descartes the Demonspawn Monk began the quest for the Orb.
     0 | D:1      | Reached XP level 1. HP: 18/18 MP: 1/1
   254 | D:1      | Gained mutation: You are partially covered in molten
                  | scales. (AC +2) [demonic ancestry]
   254 | D:1      | Reached XP level 2. HP: 24/24 MP: 2/2
   391 | D:1      | You fall into a shaft and drop 1 floor!
   694 | D:1      | Reached skill level 1 in Armour
   718 | D:1      | Reached XP level 3. HP: 29/29 MP: 3/3
  1923 | D:2      | Gained mutation: A weak demonic guardian rushes to your
                  | aid. [demonic ancestry]
  1923 | D:2      | Reached XP level 4. HP: 35/35 MP: 4/4
  1940 | D:2      | Found Ygerrigool's Antique Weapon Shoppe.
  2442 | D:2      | Found a faded altar of an unknown god.
  3099 | D:3      | Noticed a scorpion
  3110 | D:3      | Killed a scorpion
  3111 | D:3      | Gained mutation: A demonic guardian rushes to your aid.
                  | [demonic ancestry]
  3111 | D:3      | Reached XP level 5. HP: 15/42 MP: 5/5
  3375 | D:3      | Noticed Terence
  3397 | D:3      | Killed Terence
  3398 | D:3      | Reached skill level 1 in Evocations
  3652 | D:3      | Reached skill level 4 in Fighting
  5188 | D:4      | Reached XP level 6. HP: 48/48 MP: 6/6
  6031 | D:5      | Entered Level 5 of the Dungeon
  6162 | D:5      | Gained mutation: You have a small tail. [demonic ancestry]
  6162 | D:5      | Reached XP level 7. HP: 42/55 MP: 7/7
  6307 | D:5      | Found a runed translucent door.
  6308 | D:5      | Found a runed translucent door.
  6308 | D:5      | Noticed a vampire mosquito
  6741 | D:5      | Reached skill level 5 in Fighting
  7093 | D:5      | HP: 1/56 [ogre/+0 giant club (21)]
  7526 | D:5      | Killed a vampire mosquito
  7527 | D:5      | Gained mutation: A meltable shield of frost defends you.
                  | (SH +4) [demonic ancestry]
  7527 | D:5      | Reached XP level 8. HP: 29/62 MP: 8/8
  7535 | D:5      | Reached skill level 5 in Dodging
  7536 | D:5      | Reached skill level 5 in Maces & Flails
  7946 | D:6      | Found Jokejynn's Antique Armour Shoppe.
  8539 | D:6      | Reached skill level 6 in Fighting
  8864 | D:6      | Reached XP level 9. HP: 32/69 MP: 9/9
  9502 | D:6      | Found a staircase to the Ecumenical Temple.
  9588 | Temple   | Entered the Ecumenical Temple
 10162 | D:7      | Noticed Joseph
 10194 | D:7      | HP: 1/71 [Joseph/+0 quarterstaff (9)]
 10195 | D:7      | Killed Joseph
 10196 | D:7      | Reached skill level 5 in Armour
 10196 | D:7      | Reached skill level 5 in Evocations
 10949 | D:7      | Noticed Pikel
 10979 | D:7      | Found a broken altar of Ashenzari.
 11055 | D:6      | Killed Pikel
 11056 | D:6      | Reached skill level 7 in Fighting
 11616 | D:8      | Gained mutation: You have a tail ending in a sharp stinger.
                  | [demonic ancestry]
 11616 | D:8      | Reached XP level 10. HP: 56/79 MP: 10/10
 11711 | D:8      | HP: 3/118 [orc priest/divine providence (10)]
 11712 | D:8      | Slain by an orc warrior

Illustrated notes

Levels and vault maps discovered:
D:1:      dpeg_arrival_long_road, layout_basic, st_stairs_12,
          dreamdust_princess_bridge, interstate_on_off, hangedman_decor_push
D:2:      layout_basic, ebering_ecumenical_altar_abandoned, serial_shops,
          nicolae_shop_behind_doors, minmay_unequal
D:3:      minmay_inner_zag, layout_basic, uniq_terence
D:4:      layout_basic
D:5:      lemuel_insect_pit, layout_basic
D:6:      layout_loops_ring, lemuel_temple_firewalk_a, serial_shops,
          nicolae_shop_overgrown_old_shop
D:7:      layout_cave_pools, mainiacjoe_overflow_24_doors, kennysheep_potato,
          uniq_pikel, uniq_joseph
D:8:      layout_basic, enter_bailey_3, biasface_ghost_orc_armoury,
          amcnicky_mini_corridor_feature
Temple:   minmay_temple_bridge_d

Skill      XL: |  1  2  3  4  5  6  7  8  9 10 |
---------------+-------------------------------+-----
Maces & Flails | 3 4 5 6 |  6.6
Armour         | 1 2 3 4 5 |  5.9
Dodging        | 3 4 5 6 |  6.6
Evocations     | 1 2 3 4 5 6 |  6.1
Fighting       | 4 5 6 7 |  7.4
Stealth        | |  1.7

Action                   |  1- 3 |  4- 6 |  7- 9 | 10-12 || total
-------------------------+-------+-------+-------+-------++-------
Melee: Mace              |   123 |   299 |   370 |    29 ||   821
       Punch             |     3 |     3 |     9 |       ||    15
       Tailslap          |       |       |    65 |     3 ||    68
Evoke: Wand              |       |       |    12 |       ||    12
  Use: Potion            |       |     2 |     3 |     1 ||     6
       Scroll            |       |       |    11 |     1 ||    12
 Stab: Sleeping          |     4 |     5 |       |       ||     9
       Distracted        |       |     1 |     3 |       ||     4
Armor: Robe              |    45 |    10 |       |       ||    55
       Ring mail         |       |    31 |       |       ||    31
       Chain mail        |       |   104 |   249 |    20 ||   373
       Skin              |       |       |    16 |       ||    16
Dodge: Dodged            |   114 |   166 |   225 |    26 ||   531
Block: Other             |       |       |    76 |     8 ||    84
